 Dungeon Crawl Stone Soup version 0.31-a0-949-g57150269e1 (webtiles) character file.

Game seed: 723667348348555251

273 pokeman the Magician (level 6, -2/34 HPs)
             Began as a Deep Elf Hedge Wizard on Oct 21, 2023.
             Slain by Duvessa
             ... wielding a +2 short sword of venom
              (11 damage)
             ... on level 4 of the Dungeon.
             The game lasted 00:06:25 (4168 turns).

pokeman the Magician (Deep Elf Hedge Wizard)        Turns: 4168, Time: 00:06:25

Health: -2/34      AC:  5    Str: 13    XL:     6   Next: 3%
Magic:  7/17       EV: 13    Int: 21    God:
Gold:   267        SH:  0    Dex: 14    Spells: 10/18 levels left

rFire   . . .        h - +2 dagger (venom)
rCold   . . .        (no shield)
rNeg    . . .        b - +0 robe
rPois   .            a - +0 helmet
rElec   .            u - +0 cloak
rCorr   .            x - +0 pair of gloves
SInv    .            (no boots)
Will    .....        (no amulet)
Stlth   ++           e - +6 ring of strength
HPRegen 0.25/turn    (no ring)
MPRegen 0.15/turn

%: no passive effects
@: lethally poisoned (-2 -> -10), very slightly contaminated
A: no striking features
a: no special abilities


You were on level 4 of the Dungeon.
You visited 2 branches of the dungeon, and saw 5 of its levels.

You collected 267 gold pieces.

Inventory:

Hand Weapons
 h - a +2 dagger of venom (weapon)
Armour
 a - a +0 helmet (worn)
 b - a +0 robe (worn)
 o - a +0 buckler
 u - a +0 cloak (worn)
 x - a +0 pair of gloves (worn)
Jewellery
 e - a +6 ring of strength (left hand)
Wands
 r - a wand of paralysis (7)
Scrolls
 c - 2 scrolls of fog {unknown}
 f - 3 scrolls of noise {unknown}
 j - 2 scrolls of identify {unknown}
 l - 3 scrolls of enchant armour {unknown}
 m - a scroll of teleportation {unknown}
 n - a scroll of poison {unknown}
 p - 4 scrolls of enchant weapon {unknown}
 s - a scroll of fear {unknown}
Potions
 d - a potion of magic
 g - 3 potions of curing
 i - a potion of cancellation {unknown}
 k - a potion of resistance {unknown}
 q - a potion of ambrosia {unknown}
 t - a potion of haste {unknown}
 v - a potion of mutation {unknown}
 w - a potion of heal wounds {unknown}


   Skills:
 - Level 1.0 Fighting
 - Level 1.0 Armour
 - Level 3.0 Dodging
 - Level 3.0 Stealth
 + Level 0.0 Shields
 * Level 6.7 Spellcasting
 + Level 3.1 Conjurations
 - Level 1.1 Summonings
 - Level 1.1 Translocations
 - Level 1.1 Air Magic
 - Level 1.1 Poison Magic
 + Level 0.0 Evocations


You had 10 spell levels left.
You knew the following spells:

 Your Spells              Type           Power      Damage    Failure   Level
a - Magic Dart            Conj           80%        1d7       2%          1
b - Mephitic Cloud        Conj/Pois/Air  14%        N/A       13%         3
c - Call Imp              Summ           22%        N/A       9%          2
d - Blink                 Tloc           22%        N/A       9%          2

Your spell library contained the following spells:

 Spells                   Type           Power      Damage    Failure   Level
 Apportation              Tloc           22%        N/A       6%          1
 Summon Small Mammal      Summ           44%        N/A       6%          1
 Necrotise                Necr           28%        1d5       9%          1
 Slow                     Hex            28%        N/A       9%          1
 Cigotuvi's Dreadful Rot  Necr/Pois/Air  20%        N/A       10%         2
 Dispel Undead            Necr           7%         3d8       65%         4
 Death Channel            Necr           3%         N/A       100%        6


Dungeon Overview and Level Annotations

Branches:
Dungeon (4/15)             Temple (1/1) D:4

Altars:
Ashenzari
Cheibriados
Fedhas
Gozag
Kikubaaqudgha
Nemelex Xobeh
Qazlal
Sif Muna
Uskayaw
Wu Jian
Yredelemnul
Zin

Shops:
D:4 (

Annotations:
D:4 Dowan, Duvessa


Message History

The stinking cloud engulfs you but does no damage.
Dowan shouts!
Duvessa is engulfed in noxious fumes.
Duvessa appears confused.
Unknown command.
Unknown command.
Dowan zaps a wand.
The puff of flame hits you!
Duvessa gestures wildly.
Duvessa gestures wildly.
You hit Duvessa but do no damage.
Dowan points at Duvessa and mumbles some strange words.
Duvessa seems to speed up.
Casting: Mephitic Cloud (quite dangerous; 13% risk of failure)
Confirm with . or Enter, or press ? or * to list all spells.
Aiming: Mephitic Cloud (quite dangerous; 13% risk of failure)
Press: ? - help, Shift-Dir - straight line, f/p - Duvessa
Aim: Duvessa, wielding a +2 short sword of venom and wearing a +0 chain mail (fast, confused, chance to affect: 81%)
The ball explodes into a vile cloud!
The stinking cloud engulfs Duvessa but does no damage.
Duvessa is engulfed in noxious fumes.
Duvessa appears confused.
Dowan mumbles some strange words.
Dowan blinks!
Unknown command.
Unknown command.
Duvessa is engulfed in noxious fumes.
Duvessa appears confused.
Duvessa hits you with a +2 short sword of venom.
You are poisoned.
Duvessa is engulfed in noxious fumes.
Duvessa appears confused.
Duvessa hits you but does no damage.
You are more poisoned.
Unknown command.
You barely miss Duvessa.
You feel very sick.
Duvessa is engulfed in noxious fumes.
Duvessa appears confused.
You barely miss Duvessa.
You feel very sick.
You hit Duvessa but do no damage.
Duvessa is poisoned.
* * * LOW HITPOINT WARNING * * *
You feel very sick.
Duvessa hits you with a +2 short sword of venom!
You die...

###.#.### #...#...# ###.#.###.#
#...#.....# ## ###.#.###..##
####.###...#......#
##.....##.#.###....#
#......##.#......###
##..e@.#.#.###.##.#
#....°.#.#........##
###...#°...#........###
####.#....................
##......##................. ...
#.....###~..............### #..
##.....##~..............###
..######.....#~~~................
...#.#.....###~~#..........##(>..


You could see Duvessa (fast, confused, poisoned).

Vanquished Creatures
  An ogre (D:4)
  An orc priest (D:3)
  An orc wizard (D:3)
  5 adders
  A worm (D:3)
  6 dart slugs
  5 orcs
  9 bats
  5 endoplasms
  2 giant cockroaches
  10 goblins
  3 hobgoblins
  3 kobolds
  4 quokkas
  7 ball pythons
  2 frilled lizards (D:1)
  8 rats
73 creatures vanquished.

Notes
Turn   | Place    | Note
-------+----------+-------------------------------------------
     0 | D:1      | pokeman the Deep Elf Hedge Wizard began the quest for the
                  | Orb.
     0 | D:1      | Reached XP level 1. HP: 10/10 MP: 7/7
    62 | D:1      | Found a faded altar of an unknown god.
   291 | D:1      | Reached XP level 2. HP: 16/16 MP: 6/9
   731 | D:1      | Reached skill level 5 in Spellcasting
  1024 | D:1      | Reached XP level 3. HP: 20/20 MP: 8/11
  1028 | D:1      | Learned a level 3 spell: Mephitic Cloud
  1031 | D:1      | Learned a level 2 spell: Call Imp
  1034 | D:1      | Learned a level 2 spell: Blink
  1546 | D:2      | Found a broken altar of Ashenzari.
  1787 | D:2      | Reached skill level 1 in Fighting
  1855 | D:2      | Reached skill level 1 in Armour
  2094 | D:2      | Reached XP level 4. HP: 25/25 MP: 11/13
  2601 | D:3      | Reached skill level 6 in Spellcasting
  2601 | D:3      | Reached XP level 5. HP: 29/29 MP: 7/15
  3446 | D:4      | Found a staircase to the Ecumenical Temple.
  3461 | Temple   | Entered the Ecumenical Temple
  3544 | D:4      | Noticed Duvessa
  3545 | D:4      | Noticed Dowan
  3690 | D:4      | Found Ficiff's Weapon Shoppe.
  3799 | D:4      | Noticed an ogre
  3815 | D:4      | Killed an ogre
  3816 | D:4      | Reached skill level 1 in Air Magic
  3816 | D:4      | Reached skill level 1 in Poison Magic
  3816 | D:4      | Reached XP level 6. HP: 31/34 MP: 4/17
  4168 | D:4      | Slain by Duvessa

Illustrated notes

Levels and vault maps discovered:
D:1:      dpeg_arrival_round_b, layout_loops_ring,
          shapermc_ecumenical_altar_notcrosses, minmay_bisected
D:2:      layout_loops_cross, basic_altar
D:3:      minmay_spotlight, layout_rooms, minmay_statues_item, dk_vineyard_3,
          st_stairs_12, chequers_serial_rivers_micro_a
D:4:      layout_cave_pools, temple_pool_b, serial_shops,
          nicolae_shop_tiny_glass, hangedman_abyss_or_decor_stabs,
          chequers_serial_rivers_large_b, uniq_duvessa
Temple:   chequers_temple_sunken

Skill      XL: |  1  2  3  4  5 |
---------------+----------------+-----
Spellcasting   | 5 6 |  6.7
Fighting       | 1 |  1.0
Conjurations   | 2 3 |  3.1
Armour         | 1 |  1.0
Dodging        | 3 |  3.0
Stealth        | 3 |  3.0
Air Magic      | 1 |  1.1
Poison Magic   | 1 |  1.1
Summonings     | |  1.1
Translocations | |  1.1

Action                     |  1- 3 |  4- 6 || total
---------------------------+-------+-------++-------
  Melee: Dagger            |     6 |    34 ||    40
         Punch             |       |     3 ||     3
   Cast: Magic Dart        |    98 |    62 ||   160
         Mephitic Cloud    |       |     9 ||     9
    Use: Potion            |       |     1 ||     1
   Stab: Sleeping          |     2 |       ||     2
         Confused          |       |     2 ||     2
 Armour: Robe              |    12 |    22 ||    34
  Dodge: Dodged            |    16 |    18 ||    34

Table legend: (Time is in decaauts)
 A = Elapsed time spent in this place.
 B = Non-inter-level travel time spent in this place.
 C = Inter-level travel time spent in this place.
 D = Time resting spent in this place.
 E = Time spent auto-exploring this place.
 F = Levels seen in this place.
 G = Mean time per level.
                   A        B        C        D        E       F      G
               +--------+--------+--------+--------+--------+-----+--------+
         Total |   4195 |   4030 |    165 |     56 |   3410 |   5 |  839.0 |
       Dungeon |   4193 |   4028 |    165 |     56 |   3410 |   4 | 1048.2 |
        Temple |      1 |      1 |      0 |      0 |      0 |   1 |    1.0 |
               +--------+--------+--------+--------+--------+-----+--------+

Top non-repeatable levels by time:
     D:1: 1460 daAuts
     D:3: 1016 daAuts
     D:2: 923 daAuts
     D:4: 793 daAuts
  Temple: 1 daAuts
